 Dungeon Crawl Stone Soup version 0.25-a0-341-g6f074c887a (webtiles) character file.

Game seed: 2051315550186633689, levelgen mode: deterministic

618 BritishOli the Slasher (level 7, -5/52 HPs)
             Began as a Demonspawn Gladiator on Dec 30, 2019.
             Slain by Edmund
             ... wielding a +2 flail of protection
              (8 damage)
             ... on level 5 of the Dungeon.
             The game lasted 00:07:34 (3409 turns).

BritishOli the Slasher (Demonspawn Gladiator)       Turns: 3409, Time: 00:07:35

Health: -5/52      AC:  7    Str: 17    XL:     7   Next: 21%
Magic:  7/7        EV: 11    Int:  9    God:
Gold:   302        SH:  0    Dex: 14    Spells: 6/6 levels left

rFire    + . .     SeeInvis .   a - +0 long sword
rCold    . . .     Gourm    .   (no shield)
rNeg     . . .     Faith    .   u - +0 scale mail
rPois    .         Spirit   .   c - +0 helmet
rElec    .         Reflect  .   (no cloak)
rCorr    .         Harm     .   (no gloves)
MR       .....                  (no boots)
Stlth    ..........             (no amulet)
HPRegen  0.17/turn              (no ring)
MPRegen  0.10/turn              (no ring)

@: no status effects
A: hooves 1, fire resistance 1, spiny 1
a: no special abilities


You were on level 5 of the Dungeon.
You were not hungry.

You visited 1 branch of the dungeon, and saw 5 of its levels.

You collected 302 gold pieces.

Inventory:

Hand Weapons
 a - a +0 long sword (weapon)
Missiles
 d - a throwing net (quivered)
 j - 6 javelins
 s - 4 boomerangs
Armour
 b - a +0 leather armour
 c - a +0 helmet (worn)
 u - a +0 scale mail (worn)
Jewellery
 n - a cursed ring of flight {unknown}
Wands
 v - a wand of random effects (22)
 w - a wand of paralysis (7)
Scrolls
 e - 5 scrolls of remove curse {unknown}
 i - a scroll of amnesia {unknown}
 l - 8 scrolls of identify {unknown}
 m - 2 scrolls of enchant armour {unknown}
 o - a scroll of random uselessness {unknown}
 p - a scroll of immolation {unknown}
 t - a scroll of noise {unknown}
Potions
 g - 2 potions of curing {unknown}
 h - a potion of might {unknown}
 k - a potion of brilliance {unknown}
 q - a potion of agility {unknown}
 r - a potion of lignification {unknown}
 x - a potion of heal wounds {unknown}
Comestibles
 f - 5 rations


   Skills:
 + Level 3.2 Fighting
 * Level 5.8 Long Blades
 + Level 1.9 Throwing
 + Level 2.4 Armour
 + Level 4.0 Dodging
 - Level 1.0 Stealth


You had 6 spell levels left.
You didn't know any spells.
Your spell library was empty.

Dungeon Overview and Level Annotations

Branches:
Dungeon (5/15)
 Temple: D:4-7

Altars:
Qazlal

Annotations:
D:5 Edmund


Innate Abilities, Weirdness & Mutations

You have large cloven feet.
Your flesh is heat resistant. (rF+)
You are partially covered in sharp spines.


Message History

The scorpion barely misses you.
You riposte.
You hit the scorpion.
You kill the scorpion!
Your Dodging skill increases to level 4!
Edmund hits you with a +2 flail of protection!
* * * LOW HITPOINT WARNING * * *
You hit Edmund but do no damage. Your kick misses Edmund.
Edmund is almost dead.
Edmund barely misses you.
You hit Edmund but do no damage.
Edmund is almost dead.
Edmund hits you but does no damage.
You hit Edmund but do no damage. Your kick misses Edmund.
Edmund is almost dead.
Edmund is struck by your spines.
Edmund hits you with a +2 flail of protection!
* * * LOW HITPOINT WARNING * * *
You hit Edmund but do no damage.
Edmund is almost dead.
Edmund hits you with a +2 flail of protection!
You die...

###########
#..........
#..........
#..........
#..........
#...†......
#<.@@.....(
#...†......
#........!.
#..........
#..........
#####......
......
...##.


You could see Edmund.

Vanquished Creatures
  A sky beast (D:4)
  2 ogres (D:4)
  3 scorpions
  A worker ant (D:4)
  4 adders
  3 gnolls (D:3)
  3 oozes
  3 worms
  4 dart slugs
  2 leopard geckos
  9 orcs
  11 bats
  3 giant cockroaches
  9 goblins
  4 hobgoblins
  8 jackals
  2 quokkas
  2 ball pythons (D:4)
  8 frilled lizards
  2 kobolds
  17 rats
101 creatures vanquished.

Notes
Turn   | Place    | Note
-------+----------+-------------------------------------------
     0 | D:1      | BritishOli the Demonspawn Gladiator began the quest for the
                  | Orb.
     0 | D:1      | Reached XP level 1. HP: 16/16 MP: 1/1
    90 | D:1      | Gained mutation: You are partially covered in sharp spines.
                  | [demonic ancestry]
    90 | D:1      | Reached XP level 2. HP: 22/22 MP: 2/2
   332 | D:1      | Reached skill level 3 in Long Blades
   465 | D:1      | Reached XP level 3. HP: 28/28 MP: 3/3
  1168 | D:2      | Gained mutation: Your flesh is heat resistant. (rF+)
                  | [demonic ancestry]
  1168 | D:2      | Reached XP level 4. HP: 34/34 MP: 4/4
  1588 | D:3      | Reached skill level 1 in Stealth
  1718 | D:3      | Found a stormy altar of Qazlal.
  1866 | D:3      | Reached XP level 5. HP: 21/39 MP: 5/5
  1866 | D:3      | Reached skill level 4 in Long Blades
  2287 | D:4      | Reached skill level 1 in Armour
  2371 | D:4      | Gained mutation: You have large cloven feet. [demonic
                  | ancestry]
  2371 | D:4      | Reached XP level 6. HP: 34/46 MP: 6/6
  2588 | D:4      | Reached skill level 5 in Long Blades
  3087 | D:5      | Entered Level 5 of the Dungeon
  3087 | D:5      | Noticed Edmund
  3087 | D:5      | Noticed a sky beast
  3101 | D:4      | Killed a sky beast
  3101 | D:4      | Reached XP level 7. HP: 7/52 MP: 7/7
  3408 | D:5      | HP: 2/52 [Edmund/+2 flail of protection (10)]
  3409 | D:5      | Slain by Edmund

Levels and vault maps discovered:
D:1:      dpeg_arrival_ratfight, layout_loops_corners, minmay_statues_item,
          wad_floor_pattern_untrapped
D:2:      layout_basic, minmay_misc_feat_doors
D:3:      layout_loops_ring, serial_bayou_pond_b, grunt_qazlal_clouds
D:4:      layout_basic, first_ration, serial_bayou_ford_a,
          minmay_misc_feat_nine_boxes
D:5:      layout_rooms, nicolae_ossuary_entry_catacombs, uniq_edmund

Skill      XL: |  1  2  3  4  5  6  7 |
---------------+----------------------+-----
Dodging        | 3 4 |  4.0
Long Blades    | 3 4 5 |  5.8
Stealth        | 1 |  1.0
Armour         | 1 2 |  2.4
Fighting       | 3 |  3.2
Throwing       | |  1.9

Action                   |  1- 3 |  4- 6 |  7- 9 || total
-------------------------+-------+-------+-------++-------
Melee: Long sword        |    80 |   114 |    36 ||   230
       Kick              |       |    12 |     5 ||    17
Throw: Throwing net      |       |     2 |     4 ||     6
       Boomerang         |       |     1 |       ||     1
 Stab: Sleeping          |     3 |     1 |       ||     4
       Held in net/web   |       |     1 |       ||     1
  Eat: Chunk             |       |     6 |       ||     6
       Ration            |       |       |     1 ||     1
Armor: Leather armour    |    33 |    11 |       ||    44
       Scale mail        |       |    12 |     4 ||    16
       Skin              |       |       |    43 ||    43
Dodge: Dodged            |    64 |    77 |    12 ||   153
       Rpst.: Long sword |    19 |    25 |     3 ||    47

Table legend:
 A = Non-vault XP
 B = Vault XP
 C = Vault XP percentage of total XP
 D = Non-vault monster count
 E = Vault monster count
 F = Vault count percentage of total count
                 A         B        C        D         E       F
            +---------+---------+-------+---------+---------+-------
      Total |     861 |      22 |   2.5 |      91 |      10 |   9.9
            +---------+---------+-------+---------+---------+-------
        D:1 |      60 |       5 |   7.7 |      30 |       5 |  14.3
        D:2 |      51 |       0 |   0.0 |      16 |       0 |   0.0
        D:3 |     104 |      17 |  14.0 |      26 |       5 |  16.1
        D:4 |     577 |       0 |   0.0 |      17 |       0 |   0.0
        D:5 |      69 |       0 |   0.0 |       2 |       0 |   0.0
            +---------+---------+-------+---------+---------+-------
